 Dungeon Crawl Stone Soup version 0.17.1-1-g73c8601 (console) character file.

226 Kloppie the Skirmisher (level 6, -2/51 HPs)
             Began as a Formicid Fighter on Dec 13, 2015.
             Killed from afar by Natasha (3 damage)
             ... with a wand of frost
             ... on level 4 of the Dungeon.
             The game lasted 00:04:06 (2346 turns).

Kloppie the Skirmisher (Formicid Fighter)           Turns: 2346, Time: 00:04:06

Health: -2/51      AC:  8    Str: 23    XL:     6   Next: 22%
Magic:  6/6        EV:  8    Int:  7    God:
Gold:   184        SH:  9    Dex: 10    Spells: 0 memorised, 5 levels left

rFire  . . .     SeeInvis +     a - +0 war axe
rCold  . . .     Clarity  .     b - +0 scale mail
rNeg   . . .     SustAt   .     c - +0 shield
rPois  .         Gourm    .     (helmet unavailable)
rElec  .         Spirit   .     (no cloak)
rCorr  .         Warding  .     r - +0 pair of gloves
rMut   .         Stasis   +     (no boots)
MR     .....                    (no amulet)
Stlth  ..........               (no ring)
                                (no ring)

@: starving, not resistant to hostile enchantments, extremely unstealthy
A: permanent stasis, dig shafts and tunnels, four strong arms, antennae 3
a: Dig, Shaft Self


You were on level 4 of the Dungeon.
You were starving.

You visited 1 branch of the dungeon, and saw 4 of its levels.

You collected 184 gold pieces.

Inventory:

Hand Weapons
 a - a +0 war axe (weapon)
Armour
 b - a +0 scale mail (worn)
 c - a +0 shield (worn)
 r - a +0 pair of gloves (worn)
 s - the +5 robe of the First Stars {rPois rF- Int+4 Stlth+, unknown}
   (You found it on level 4 of the Dungeon)

   It affects your intelligence (+4).
   It makes you vulnerable to fire.
   It protects you from poison.
   It makes you more stealthy.
Jewellery
 g - an uncursed ring of sustain attributes {unknown}
Scrolls
 h - a scroll of fog {unknown}
 i - 2 scrolls of identify {unknown}
 k - a scroll of blinking {unknown}
 l - 3 scrolls of remove curse {unknown}
 m - a scroll of teleportation {unknown}
 q - a scroll of enchant weapon {unknown}
Potions
 d - a potion of might
 f - 3 potions of lignification {unknown}
 n - a potion of cure mutation {unknown}
Comestibles
 e - 4 bread rations
 j - 2 royal jellies
 o - a slice of pizza
 p - a beef jerky
 t - a meat ration


   Skills:
 + Level 5.4 Fighting
 + Level 4.5 Axes
 - Level 3.2 Armour
 - Level 3.6 Shields


You had 5 spell levels left.
You didn't know any spells.

Dungeon Overview and Level Annotations

Branches:
Dungeon (4/15)
 Temple: D:4-7

Altars:
Sif Muna

Annotations:
D:4 Natasha


Innate Abilities, Weirdness & Mutations

You are under a permanent stasis effect.
You can dig through walls and to a lower floor.
Your four strong arms can wield two-handed weapons with a shield.
You have a pair of large antennae on your head (SInv).


Message History

* * * LOW HITPOINT WARNING * * *
You barely miss Natasha.
Natasha is almost dead.
You barely miss the iron imp. Natasha claws you but does no damage.
The iron imp barely misses you.
You barely miss Natasha.
Natasha is almost dead.
You hit the iron imp.
The iron imp is lightly wounded.
Natasha stares at you and mumbles some strange words.
You resist with some effort. The iron imp hits you.
* * * LOW HITPOINT WARNING * * *
You block Natasha's attack.
You miss Natasha.
Natasha is almost dead.
You hit the iron imp.
The iron imp is moderately wounded.
Natasha growls.
Natasha zaps a wand.
The puff of frost hits you!
You die...

#...(.# ####.#### .#
#...#†# #.# )
#...#.# ####.#
#.#...#.# #....#
###.#####.#####..###
#.....###.#.......##
#.#....##.!........#
#........+......>..+
#.#..h@..#.........#
#...5...#.......##{
##.....###.....##
##...## ##...##
#..#######'##
...#.......#
###.#.####..# #.#
#..## #.# ##...##


You could see an iron imp and Natasha.

Vanquished Creatures
  Ijyb (D:2)
  A hound (D:4)
  4 adders
  6 river rats (D:4)
  An ooze (D:3)
  A worm (D:3)
  2 giant geckos
  2 orcs (D:3)
  A ball python (D:3)
  2 giant cockroaches
  3 goblins
  10 hobgoblins
  2 jackals (D:1)
  2 quokkas
  5 bats
  8 giant newts
  12 kobolds
  22 rats
85 creatures vanquished.

Notes
Turn   | Place    | Note
--------------------------------------------------------------
     0 | D:1      | Kloppie the Formicid Fighter began the quest for the Orb.
     0 | D:1      | Reached XP level 1. HP: 18/18 MP: 1/1
    93 | D:1      | Reached XP level 2. HP: 24/24 MP: 2/2
   441 | D:1      | Reached XP level 3. HP: 28/30 MP: 3/3
   707 | D:2      | Noticed Ijyb
   722 | D:2      | Killed Ijyb
   722 | D:2      | Reached skill level 4 in Fighting
   722 | D:2      | Reached XP level 4. HP: 32/37 MP: 4/4
  1215 | D:3      | Reached XP level 5. HP: 43/43 MP: 5/5
  1238 | D:3      | Found a deep blue altar of Sif Muna.
  1943 | D:4      | Reached skill level 5 in Fighting
  2001 | D:4      | Got an ancient robe
  2080 | D:4      | Reached XP level 6. HP: 45/51 MP: 6/6
  2321 | D:4      | Noticed Natasha
  2345 | D:4      | HP: 1/51 [iron imp[Natasha] (6)]
  2346 | D:4      | Killed from afar by Natasha

Action                   |  1- 3 |  4- 6 || total
-------------------------+-------+-------++-------
Melee: War axe           |    70 |   198 ||   268
  Eat: Chunk             |       |     3 ||     3
